 Dungeon Crawl Stone Soup version 0.28-a0-730-g892d06dc2c (webtiles) character file.

Game seed: 13688407140643173727

22 lawman0 the Grave Robber (level 2, -1/19 HPs)
             Began as a Demonspawn Necromancer on Oct 29, 2021.
             Slain by a gnoll (5 damage)
             ... on level 2 of the Dungeon.
             The game lasted 00:01:19 (915 turns).

lawman0 the Grave Robber (Demonspawn Necromancer)    Turns: 915, Time: 00:01:20

Health: -1/19      AC:  2    Str:  8    XL:     2   Next: 68%
Magic:  1/5        EV: 11    Int: 16    God:
Gold:   24         SH:  8    Dex: 13    Spells: 4/5 levels left

rFire   . . .      SeeInvis .   e - +0 dagger
rCold   . . .      Faith    .   c - +1 buckler
rNeg    . . .      Spirit   .   a - +0 robe
rPois   .          Reflect  .   (no helmet)
rElec   .          Harm     .   (no cloak)
rCorr   .          Rampage  .   (no gloves)
Will    .....                   (no boots)
Stlth   ++........              (no amulet)
HPRegen 0.06/turn               (no ring)
MPRegen 0.09/turn               (no ring)

@: no status effects
A: condensation shield
a: no special abilities


You were on level 2 of the Dungeon.
You visited 1 branch of the dungeon, and saw 2 of its levels.

You collected 24 gold pieces.

Inventory:

Hand Weapons
 e - a +0 dagger (weapon)
Armour
 a - a +0 robe (worn)
 c - a +1 buckler (worn)
Potions
 d - 2 potions of heal wounds {unknown}
 f - a potion of degeneration {unknown}


   Skills:
 + Level 1.7 Dodging
 + Level 2.0 Stealth
 * Level 0.2 Shields
 + Level 2.1 Spellcasting
 * Level 5.0 Necromancy


You had 4 spell levels left.
You knew the following spells:

 Your Spells              Type           Power      Damage    Failure   Level
a - Pain                  Necr           68%        1d7       4%          1

Your spell library contained the following spells:

 Spells                   Type           Power      Damage    Failure   Level
 Animate Skeleton         Necr           34%        N/A       4%          1
 Vampiric Draining        Necr           8%         2d7       12%         3
 Animate Dead             Necr           8%         N/A       38%         4
 Agony                    Necr           17%        N/A       75%         5


Dungeon Overview and Level Annotations

Branches:
Dungeon (1/15)

Altars:


Innate Abilities, Weirdness & Mutations

A meltable shield of frost defends you. (SH +4)


Message History

Press: ? - help, Q - select action Shift-Dir - straight line, f/p - gnoll
Aim: a gnoll, wielding a +0 whip (moderately wounded, chance to affect: 82%)
The gnoll writhes in agony!
A ball python comes into view.
Unknown command.
Aiming: Pain (safe; 4% risk of failure)
Press: ? - help, Q - select action Shift-Dir - straight line, f/p - gnoll
Aim: a gnoll, wielding a +0 whip (severely wounded, chance to affect: 82%)
The gnoll barely resists.
The gnoll hits you with a +0 whip.
The gnoll hits you from afar with a +0 spear.
You don't have enough magic to cast this spell.
Unknown command.
Unknown command.
You don't have enough magic to cast this spell.
Unknown command.
You don't have enough magic to cast this spell.
Unknown command.
As you read the scroll labelled QARHIE PETIA, it crumbles to dust.
It is a scroll of enchant armour.
Your +0 buckler glows green for a moment.
You block the gnoll's attack. The gnoll barely misses you.
The gnoll hits you with a +0 whip.
* * * LOW HITPOINT WARNING * * *
Your magical contamination has completely faded away.
You block the gnoll's attack. x2
You hit the gnoll.
The gnoll is almost dead.
You block the gnoll's attack. The gnoll closely misses you.
You block the gnoll's attack.
You hit the gnoll but do no damage.
The gnoll is almost dead.
You block the gnoll's attack. You block the ball python's attack. x2
The gnoll barely misses you.
Unknown command.
You hit the gnoll but do no damage.
The gnoll is almost dead.
You block the ball python's attack. The ball python misses you.
The gnoll hits you from afar with a +0 spear.
You die...

#.##..........
..
#.#............
#.#............
#.#..####......
#.#......######
#.#......#
#........###
#S##........
#.@gg...###.
#.##......≈.
#.#....##≈≈≈
#.#....# #≈≈
#.#...... ≈
#.#.......
........... #..
.###...


You could see 2 gnolls and a ball python.

Vanquished Creatures
  A gnoll (D:2)
  2 ball pythons (D:1)
  A bat (D:1)
  An endoplasm (D:1)
  2 giant cockroaches (D:1)
  A quokka (D:1)
  3 frilled lizards
  A rat (D:1)
12 creatures vanquished.

Notes
Turn   | Place    | Note
-------+----------+-------------------------------------------
     0 | D:1      | lawman0 the Demonspawn Necromancer began the quest for the
                  | Orb.
     0 | D:1      | Reached XP level 1. HP: 13/13 MP: 3/3
   571 | D:1      | Gained mutation: A meltable shield of frost defends you.
                  | (SH +4) [demonic ancestry]
   571 | D:1      | Reached XP level 2. HP: 17/19 MP: 0/5
   713 | D:1      | You fall into a shaft and drop 1 floor!
   751 | D:2      | Reached skill level 5 in Necromancy
   915 | D:2      | Slain by a gnoll

Illustrated notes

Levels and vault maps discovered:
D:1:      dpeg_arrival_short_road, layout_basic,
          shapermc_ecumenical_altar_flowoftime
D:2:      layout_basic, chequers_serial_rivers_small_a, cheibrodos_gnoll_hut

Skill      XL: |  1  2 |
---------------+-------+-----
Stealth        | 2 |  2.0
Necromancy     | 5 |  5.0
Dodging        | |  1.7
Shields        | |  0.2
Spellcasting   | |  2.1

Action                   || total
-------------------------++-------
Melee: Dagger            ||    10
 Cast: Pain              ||    26
  Use: Scroll            ||     1
Armor: Robe              ||     4
Dodge: Dodged            ||     7
Block: Buckler           ||    12

Table legend: (Time is in decaauts)
 A = Elapsed time spent in this place.
 B = Non-inter-level travel time spent in this place.
 C = Inter-level travel time spent in this place.
 D = Time resting spent in this place.
 E = Time spent auto-exploring this place.
 F = Levels seen in this place.
 G = Mean time per level.
                   A        B        C        D        E       F      G
               +--------+--------+--------+--------+--------+-----+--------+
         Total |    915 |    915 |      0 |    295 |    478 |   2 |  457.5 |
       Dungeon |    915 |    915 |      0 |    295 |    478 |   2 |  457.5 |
               +--------+--------+--------+--------+--------+-----+--------+

Top non-repeatable levels by time:
     D:1: 712 daAuts
     D:2: 202 daAuts
